 Dungeon Crawl Stone Soup version 0.16-a0-3736-g4b94454 (webtiles) character file.

1241 kroki the Frost Mage (level 8, -10/56 (57) HPs)
             Began as a Ghoul Ice Elementalist on Jan 22, 2015.
             Was an Initiate of Dithmenos.
             Killed from afar by a gnoll (18 damage)
             ... with a wand of lightning
             ... on level 6 of the Dungeon.
             The game lasted 00:14:57 (9153 turns).

kroki the Frost Mage (Ghoul Ice Elementalist)       Turns: 9153, Time: 00:14:57

HP:   -10/56 (57)   AC:  3    Str: 12    XL:     8   Next: 49%
MP:   8/10          EV: 12    Int: 12    God:    Dithmenos [......]
Gold: 344           SH:  0    Dex:  9    Spells: 3 memorised, 4 levels left

rFire  . . .     SeeInvis +     v - +2 whip (elec)
rCold  + . .     Clarity  +     h - +0 robe (curse)
rNeg   + + +     SustAb   .     (no shield)
rPois  ∞         Gourm    .     o - +0 helmet {SInv}
rElec  .         Spirit   .     (no cloak)
rCorr  .         Warding  .     (no gloves)
rMut   .         Stasis   .     (no boots)
MR     .....                    e - amulet of clarity
Stlth  ++........               (no ring)
                                (no ring)

@: rotting, not resistant to hostile enchantments, unstealthy
A: rotting body, claws 1, carnivore 3, cold resistance 1, negative energy
resistance 3, poison resistance, slow healing 1, torment resistance, unbreathing
a: Renounce Religion


You were on level 6 of the Dungeon.
You worshipped Dithmenos.
Dithmenos was noncommittal.
You were not hungry.

You visited 2 branches of the dungeon, and saw 7 of its levels.

You collected 344 gold pieces.

Inventory:

Hand weapons
 p - a +2 battleaxe of chopping
   (You found it on level 4 of the Dungeon)
 v - a +2 whip of electrocution (weapon)
   (You took it off an orc on level 6 of the Dungeon)
Armour
 a - a cursed +1 robe
 h - a cursed +0 robe (worn)
   (You found it on level 3 of the Dungeon)
 i - a +1 leather armour of poison resistance
   (You took it off Ijyb on level 3 of the Dungeon)
 j - a +2 shield
   (You found it on level 1 of the Dungeon)
 o - a +0 helmet of see invisible (worn)
   (You found it on level 3 of the Dungeon)
 s - a cursed +0 robe
   (You found it on level 5 of the Dungeon)
 t - a +3 ring mail
   (You took it off an orc on level 6 of the Dungeon)
Jewellery
 e - an amulet of clarity (around neck)
   (You found it on level 1 of the Dungeon)
 q - an uncursed ring of teleport control {unknown}
   (You found it on level 4 of the Dungeon)
Magical devices
 g - a wand of confusion (0)
   (You found it on level 3 of the Dungeon)
 u - a wand of teleportation (2)
   (You took it off an orc on level 6 of the Dungeon)
Scrolls
 c - 2 scrolls of blinking
 f - 2 scrolls of teleportation
 n - 2 scrolls of summoning
 r - 2 scrolls of fear
Potions
 d - 4 potions of curing
Books
 b - a book of Frost
Comestibles
 k - 3 meat rations
 l - a beef jerky


   Skills:
 + Level 0.0 Maces & Flails
 - Level 1.7 Dodging
 - Level 2.1 Stealth
 - Level 1.7 Spellcasting
 - Level 3.6 Conjurations
 - Level 3.8 Charms
 + Level 9.0 Ice Magic


You had 4 spell levels left.
You knew the following spells:

 Your Spells              Type           Power        Failure   Level  Hunger
a - Freeze                Ice            ###.         1%          1    ##.....
b - Ozocubu's Armour      Chrm/Ice       ###.....     10%         3    ####...
c - Throw Frost           Conj/Ice       ###...       3%          2    ###....


Innate Abilities, Weirdness & Mutations

Your body is rotting away.
You thrive on raw meat.
You have sharp fingernails.
You are carnivorous and can eat meat at any time.
Your flesh is cold resistant.
You are immune to negative energy.
Your system is resistant to poisons.
You heal slowly when monsters are visible.
You are immune to unholy pain and torment.
You can survive without breathing.

Dungeon Overview and Level Annotations

Branches:
Dungeon (6/15)             Temple (1/1) D:5

Altars:
Ashenzari
Cheibriados
Dithmenos
Elyvilon
Fedhas
Gozag
Kikubaaqudgha
Makhleb
Nemelex Xobeh
Okawaru
Qazlal
Ru
Sif Muna
Trog
Vehumet
Xom
Yredelemnul
Zin
The Shining One

#####
###@..####..#
.
#.....!.....#
..
#..##.†.....##
# #..#
##......# #.#
gg.#### #.
...# # # ...#
# ..## .# .g#


You could see 2 gnolls.


Message History

There is an escape hatch in the floor here.
You slide downwards.
The hatch slams shut behind you.
An adder and 2 gnolls come into view.
The gnoll shouts!
The adder barely misses you.
The gnoll zaps a wand.
The bolt of lightning hits you!
It is a wand of lightning.
The adder bites you.
Found a fizzy amethyst potion.
Found a stone staircase leading down.
A gnoll comes into view. It is wielding a spear.
You take 23 damage.
There are monsters nearby!
There are monsters nearby!
There are monsters nearby!
You are too injured to fight recklessly!
Casting: Freeze
Aiming: Freeze
Aim: an adder You freeze the adder.
The adder is heavily wounded.
The adder barely misses you.
Casting: Freeze
Aiming: Freeze
Aim: an adder (heavily wounded)
You freeze the adder.
You kill the adder!
Dithmenos accepts your kill.
A gnoll comes into view. It is wielding a whip.
The gnoll zaps a wand.
The bolt of lightning hits you!
* * * LOW HITPOINT WARNING * * *
The bolt of lightning hits you!
You die...

Notes
Turn   | Place    | Note
--------------------------------------------------------------
     0 | D:1      | kroki, the Ghoul Ice Elementalist, began the quest for the Orb.
     0 | D:1      | Reached XP level 1. HP: 14/14 MP: 2/2
   428 | D:1      | Reached XP level 2. HP: 20/20 MP: 1/3
   525 | D:1      | Reached skill level 4 in Ice Magic
  1199 | D:1      | Reached XP level 3. HP: 26/26 MP: 3/5
  1351 | D:1      | Learned a level 3 spell: Ozocubu's Armour
  1647 | D:2      | Reached skill level 1 in Charms
  2039 | D:1      | You fall through a shaft!
  2325 | D:2      | Reached XP level 4. HP: 33/33 MP: 0/5
  3877 | D:3      | Noticed Natasha
  3886 | D:3      | Killed Natasha
  4056 | D:3      | Noticed Ijyb
  4086 | D:3      | Killed Ijyb
  4086 | D:3      | Reached skill level 3 in Charms
  4086 | D:3      | Reached XP level 5. HP: 15/37 MP: 0/6
  4337 | D:3      | Noticed Natasha
  4344 | D:3      | Killed Natasha
  4456 | D:3      | Noticed Terence
  4461 | D:3      | Killed Terence
  4515 | D:3      | Noticed Natasha
  4519 | D:3      | Killed Natasha
  5014 | D:4      | Noticed an ogre
  5019 | D:4      | Learned a level 2 spell: Throw Frost
  5054 | D:4      | Killed an ogre
  5054 | D:4      | Reached XP level 6. HP: 36/45 MP: 0/8
  5212 | D:4      | Noticed Eustachio
  5912 | D:4      | Found a blossoming altar of Fedhas.
  5923 | D:4      | Killed Eustachio
  5923 | D:4      | Reached skill level 3 in Conjurations
  6214 | D:4      | Reached XP level 7. HP: 29/48 MP: 0/8
  6272 | D:4      | Noticed Menkaure
  6283 | D:4      | Killed Menkaure
  6283 | D:4      | Reached skill level 5 in Ice Magic
  6334 | D:4      | Noticed Robin
  6342 | D:4      | Killed Robin
  6463 | D:4      | Found a sparkling altar of Nemelex Xobeh.
  6464 | D:4      | Found a stormy altar of Qazlal.
  6514 | D:4      | Found a sacrificial altar of Ru.
  6520 | D:4      | Found a burning altar of Makhleb.
  6523 | D:4      | Found a snail-covered altar of Cheibriados.
  6564 | D:4      | Found a shimmering altar of Xom.
  6570 | D:4      | Reached skill level 6 in Ice Magic
  6572 | D:4      | Found a shimmering altar of Xom.
  6572 | D:4      | Found a shimmering altar of Xom.
  6572 | D:4      | Found a shimmering altar of Xom.
  6572 | D:4      | Found a shimmering altar of Xom.
  6572 | D:4      | Found a shimmering altar of Xom.
  6951 | D:5      | Entered Level 5 of the Dungeon
  6982 | D:5      | Found a staircase to the Ecumenical Temple.
  6991 | Temple   | Entered the Ecumenical Temple
  7244 | D:5      | Reached skill level 7 in Ice Magic
  7452 | D:5      | Found a shadowy altar of Dithmenos.
  7470 | D:5      | Became a worshipper of Dithmenos the Shadowed
  7702 | D:5      | Reached XP level 8. HP: 33/53 MP: 6/10
  8378 | D:6      | Reached skill level 8 in Ice Magic
  8885 | D:6      | Reached skill level 9 in Ice Magic
  9153 | D:6      | Killed from afar by a gnoll

Vanquished Creatures
  Eustachio (D:4)
  Menkaure (D:4)
  An orc warrior (D:6)
  A centaur (D:6)
  2 ogres
  A crimson imp (D:5)
  A jelly (D:5)
  A hound (D:4)
  4 worker ants
  3 orc wizards
  An iguana (D:5)
  Natasha (thrice) (D:3)
  Ijyb (D:3)
  A hound skeleton (D:6)
  Terence (D:3)
  Robin (D:4)
  4 gnolls (D:4)
  7 adders
  A giant mite (D:5)
  3 worms
  An adder skeleton (D:5)
  3 giant geckos (D:2)
  2 oozes
  17 orcs
  2 giant cockroaches
  25 goblins
  13 hobgoblins
  13 kobolds
  A quokka (D:2)
  2 ball pythons (D:2)
  8 bats
  A giant gecko zombie (D:5)
  8 giant newts
  A quokka skeleton (D:4)
  8 rats
144 creatures vanquished.

Vanquished Creatures (others)
  A black bear (D:6)
  A quokka (D:6)
  A giant spore (D:6)
3 creatures vanquished.

Grand Total: 147 creatures vanquished

Action                   |  1- 3 |  4- 6 |  7- 9 || total
-------------------------+-------+-------+-------++-------
Melee: Unarmed           |    43 |   102 |       ||   145
       Battleaxe         |       |       |    82 ||    82
       Whip              |       |       |     4 ||     4
 Cast: Freeze            |    70 |   120 |    89 ||   279
       Ozocubu's Armour  |       |     2 |     3 ||     5
       Throw Frost       |       |     4 |     1 ||     5
Evoke: Wand              |       |     8 |       ||     8
  Use: Scroll            |     5 |     5 |     3 ||    13
       Potion            |       |     1 |     4 ||     5
 Stab: Confused          |       |     1 |       ||     1
  Eat: Chunk             |     8 |    21 |    27 ||    56

Vault maps used:
D:1:      lightli_arrival_farm, hangedman_decor_clover_reticule
D:2:      grunt_decor_arrowhead
D:3:      uniq_iyjb, uniq_natasha, uniq_terence
D:4:      nicolae_overflow_hidden_temple, grunt_temple_overflow_diamond,
          xom_redecorated, uniq_menkaure, uniq_eustachio, uniq_robin
D:5:      nicolae_dithmenos_through_a_glass_darkly, minmay_temple_entry_mist,
          first_bread
Temple:   circular_temple_12
